 Dungeon Crawl Stone Soup version 0.31-a0-345-g1ebeae05c6 (webtiles) character file.

Game seed: 12161366008496819634

42 avis the Ruffian (level 3, 0/29 HPs)
             Began as a Hill Orc Shapeshifter on July 22, 2023.
             Slain by Natasha (7 damage)
             ... on level 2 of the Dungeon.
             The game lasted 00:05:00 (1331 turns).

avis the Ruffian (Hill Orc Shapeshifter)            Turns: 1331, Time: 00:05:01

Health: 0/29       AC:  6    Str: 19    XL:     3   Next: 56%
Magic:  3/3        EV: 10    Int:  8    God:
Gold:   48         SH:  0    Dex: 11    Spells: 2/2 levels left

rFire   . .          .
                       - Unarmed
rCold   . . .        (no shield)
rNeg    . . .        f - +0 scale mail
rPois   .            i - melded +0 hat
rElec   .            (cloak currently unavailable)
rCorr   .            (gloves currently unavailable)
SInv    .            d - melded +0 pair of boots
Will    .....        (no amulet) Stlth
                     (no ring)
HPRegen 0.24/turn    (no ring)
MPRegen 0.08/turn

%: no passive effects
@: beast-form, slowed, very slow
A: beast (slay +2)
a: Begin Untransformation


You were on level 2 of the Dungeon.
You were a hulking beast.
You visited 1 branch of the dungeon, and saw 2 of its levels.

You collected 48 gold pieces.

Inventory:

Hand Weapons
 j - a +0 sling
Armour
 d - a +0 pair of boots (melded)
 f - a +0 scale mail (worn)
 i - a +0 hat (melded)
Talismans
 c - a beast talisman
Wands
 k - a wand of quicksilver (5)
Scrolls
 a - 2 scrolls of identify {unknown}
 g - 2 scrolls of teleportation {unknown}
Potions
 b - 3 potions of lignification
 e - a potion of mutation {unknown}
 h - a potion of curing {unknown}


   Skills:
 + Level 2.1 Fighting
 - Level 1.5 Dodging
 + Level 3.7 Unarmed Combat
 * Level 3.2 Shapeshifting


You had 2 spell levels left.
You didn't know any spells.
Your spell library was empty.

Dungeon Overview and Level Annotations

Branches:
Dungeon (2/15)

Altars:

Annotations:
D:1 1 runed translucent door
D:2 Natasha


Message History

Natasha hisses angrily.
You hit Natasha.
Natasha is lightly wounded.
Natasha casts a spell.
You barely miss Natasha.
Natasha is lightly wounded.
Natasha claws you.
You hit Natasha but do no damage.
Natasha is lightly wounded.
The cerulean imp hits you from afar with a +2 spear.
Natasha mumbles some strange words.
You closely miss Natasha.
Natasha is lightly wounded.
The cerulean imp closely misses you. Natasha claws you.
You hit Natasha.
Natasha is lightly wounded.
The cerulean imp hits you from afar with a +2 spear.
The cerulean imp closely misses you. Natasha closely misses you.
You hit Natasha.
Natasha is moderately wounded.
The cerulean imp hits you from afar with a +2 spear.
The cerulean imp hits you but does no damage.
You hit Natasha.
Natasha is heavily wounded.
Natasha claws you.
The cerulean imp hits you but does no damage.
The cerulean imp hits you from afar with a +0 spear.
You hit Natasha.
Natasha is almost dead.
Natasha casts a spell at you.
You feel yourself slow down. The cerulean imp barely misses you.
The cerulean imp hits you from afar with a +0 spear.
You miss Natasha.
Natasha is almost dead.
Natasha claws you but does no damage.
The cerulean imp hits you from afar with a +2 spear.
* * * LOW HITPOINT WARNING * * *
The cerulean imp hits you but does no damage.
Natasha claws you!
You die...

#####. #..#
##.## ##.
...... #..# #.#
## ###### #..#
#.# ##### #
#..# #.# #....
#
####..#######.#
#.### ########
#..†....>..##..
.......#
#.##......[.
######.#
#.##.#####.#
#.# #.##h# #.#
#.##.h5.....
#.#
#.##.5####.#
#.# #.##..#
#.######.##...
#........###.##
########## #. #


You could see Natasha and 2 cerulean imps.

Vanquished Creatures
  An adder (D:2)
  A worm (D:2)
  A dart slug (D:2)
  4 ball pythons
  4 endoplasms
  A giant cockroach (D:2)
  4 hobgoblins
  6 kobolds
  2 bats
  4 rats
28 creatures vanquished.

Notes
Turn   | Place    | Note
-------+----------+-------------------------------------------
     0 | D:1      | avis the Hill Orc Shapeshifter began the quest for the Orb.
     0 | D:1      | Reached XP level 1. HP: 16/16 MP: 1/1
   106 | D:1      | Found a runed translucent door.
   422 | D:1      | Reached XP level 2. HP: 16/23 MP: 2/2
   935 | D:2      | Reached XP level 3. HP: 20/29 MP: 3/3
  1322 | D:2      | Noticed Natasha
  1331 | D:2      | Slain by Natasha

Illustrated notes

Levels and vault maps discovered:
D:1:      dpeg_arrival_caged_fury, layout_basic
D:2:      layout_loops_ring, uniq_natasha

Skill      XL: |  1  2 |
---------------+-------+-----
Shapeshifting  | 3 |  3.2
Fighting       | 2 |  2.1
Dodging        | |  1.5
Unarmed Combat | |  3.7

Action                     || total
---------------------------++-------
  Melee: Unarmed           ||    71
         Punch             ||     1
Ability: Begin Untransform ||     2
   Stab: Sleeping          ||     1
 Armour: Animal skin       ||     1
         Scale mail        ||    21
  Dodge: Dodged            ||    28
   Form: Beast             ||     2

Table legend: (Time is in decaauts)
 A = Elapsed time spent in this place.
 B = Non-inter-level travel time spent in this place.
 C = Inter-level travel time spent in this place.
 D = Time resting spent in this place.
 E = Time spent auto-exploring this place.
 F = Levels seen in this place.
 G = Mean time per level.
                   A        B        C        D        E       F      G
               +--------+--------+--------+--------+--------+-----+--------+
         Total |   1327 |   1314 |     13 |    204 |    816 |   2 |  663.5 |
       Dungeon |   1327 |   1314 |     13 |    204 |    816 |   2 |  663.5 |
               +--------+--------+--------+--------+--------+-----+--------+

Top non-repeatable levels by time:
     D:1: 889 daAuts
     D:2: 438 daAuts
